 Dungeon Crawl Stone Soup version 0.31-a0-700-gf13585253f (webtiles) character file.

Game seed: 11317648544941283747

52 qw the Shooter (level 3, -1/22 HPs)
             Began as a Gargoyle Hunter on Sept 7, 2023.
             Slain by an ufetubus (4 damage)
             ... on level 2 of the Dungeon.
             The game lasted 00:00:39 (1341 turns).

qw the Shooter (Gargoyle Hunter)                    Turns: 1341, Time: 00:00:39

Health: -1/22      AC:  9    Str: 14    XL:     3   Next: 85%
Magic:  3/3        EV: 10    Int:  9    God:
Gold:   93         SH:  0    Dex: 15    Spells: 2/2 levels left

rFire   + . .        Y - +0 shortbow
rCold   . . .        (shield currently unavailable)
rNeg    + . .        d - +0 ring mail
rPois   inf          (no helmet)
rElec   +            (no cloak)
rCorr   +            g - +0 pair of gloves
SInv    .            (no boots)
Will    .....        (no amulet)
Stlth   +            f - ring of protection from fire
HPRegen 0.23/turn    k - ring of resist corrosion
MPRegen 0.08/turn

%: no passive effects
@: no status effects
A: sickness immunity, AC +3, negative energy resistance 1, electricity
resistance, torment resistance 1, petrification resistance
a: no special abilities


You were on level 2 of the Dungeon.
You visited 1 branch of the dungeon, and saw 2 of its levels.

You collected 93 gold pieces.


Innate Abilities, Weirdness & Mutations

You are immune to sickness and miasma.
Your stone body is resilient. (AC +3)
You are immune to poison.
You resist negative energy. (rN+)
You are resistant to electric shocks. (rElec)
You are resistant to unholy torment.
You are immune to petrification.


   Skills:
 + Level 2.8 Fighting
 - Level 5.0 Ranged Weapons
 - Level 1.0 Armour
 - Level 1.5 Dodging
 - Level 1.1 Stealth


You had 2 spell levels left.
You didn't know any spells.
Your spell library was empty.

Inventory:

Hand Weapons
 Y - a +0 shortbow (weapon)
Armour
 d - a +0 ring mail (worn)
 g - a +0 pair of gloves (worn)
Jewellery
 f - a ring of protection from fire (left hand)
 k - a ring of resist corrosion (right hand)
Scrolls
 a - 2 scrolls of teleportation {unknown}
 c - a scroll of identify
Potions
 b - a potion of enlightenment {unknown}

Dungeon Overview and Level Annotations

Branches:
Dungeon (2/15)

Altars:
Trog


Message History

The ufetubus is heavily wounded.
The ufetubus hits you but does no damage. x4
You shoot an arrow. The arrow barely misses the ufetubus.
The ufetubus hits you but does no damage.
The ufetubus barely misses you. The ufetubus hits you. x2
You shoot an arrow. The arrow misses the ufetubus.
The ufetubus barely misses you.
The ufetubus hits you but does no damage. x2
The ufetubus closely misses you.
You shoot an arrow. The arrow barely misses the ufetubus.
The ufetubus hits you. The ufetubus closely misses you.
A dart slug comes into view.
The ufetubus barely misses you.
The ufetubus hits you but does no damage.
You shoot an arrow. The arrow hits the ufetubus.
The ufetubus is heavily wounded.
The ufetubus hits you but does no damage.
The ufetubus closely misses you.
You shoot an arrow. The arrow misses the ufetubus.
The ufetubus hits you. The ufetubus closely misses you. x2
The ufetubus barely misses you. The ufetubus hits you.
The ufetubus completely misses you.
You shoot an arrow. The arrow barely misses the ufetubus.
The ufetubus closely misses you. The ufetubus hits you.
The ufetubus hits you but does no damage. x2
You shoot an arrow. The arrow barely misses the ufetubus.
The ufetubus hits you but does no damage.
The ufetubus closely misses you.
You shoot an arrow.
The arrow completely misses the ufetubus.
The ufetubus barely misses you. The ufetubus hits you.
The ufetubus hits you but does no damage. x2
You shoot an arrow. The arrow barely misses the ufetubus.
The ufetubus hits you. The ufetubus barely misses you.
The ufetubus closely misses you.
The ufetubus hits you but does no damage.
You shoot an arrow. The arrow closely misses the ufetubus.
The ufetubus hits you. x2; The ufetubus closely misses you.
The ufetubus hits you.
You die...

#### . #... ..##### #...
....... #####...
.......## #.......
........# #.......
.......=#### #.......
.####5@...# #.......
#....>.w...# #.......
#..##......######.......
. #......'............
#......######.......
.......... #.......
..#.#...... ########
...#.#......# ..
#.+.......


You could see a dart slug and an ufetubus.

Vanquished Creatures
  3 dart slugs (D:1)
  4 ball pythons
  3 endoplasms (D:1)
  3 giant cockroaches (D:1)
  4 goblins (D:1)
  2 hobgoblins
  A jackal (D:1)
  6 kobolds
  6 quokkas
  5 bats
  2 frilled lizards (D:1)
  2 rats (D:1)
41 creatures vanquished.

Notes
Turn   | Place    | Note
-------+----------+-------------------------------------------
     0 | D:1      | qw the Gargoyle Hunter began the quest for the Orb.
     0 | D:1      | Reached XP level 1. HP: 12/12 MP: 1/1
     0 | D:1      | 0 ||| qw: Version: 0.3-a-76-g4403597
     0 | D:1      | 0 ||| qw: Game counter: 697
     0 | D:1      | 0 ||| qw: Melee chars always use a shield: true
     0 | D:1      | 0 ||| qw: God list: Okawaru
     0 | D:1      | 0 ||| qw: Allow faded altars: false
     0 | D:1      | 0 ||| qw: Do Orc after clearing Dungeon:15 true
     0 | D:1      | 0 ||| qw: Do second Lair branch before Depths: true
     0 | D:1      | 0 ||| qw: Lair rune preference: random
     0 | D:1      | 0 ||| qw: Goals: Normal
     0 | D:1      | 0 ||| PLANNING D:1-11
   189 | D:1      | Reached XP level 2. HP: 17/17 MP: 2/2
   556 | D:1      | Reached XP level 3. HP: 21/21 MP: 3/3
   578 | D:1      | Reached skill level 5 in Ranged Weapons
   964 | D:1      | 964 ||| UPGRADING to +0 ring mail.
   974 | D:1      | 974 ||| DROPPING +0 leather armour.
   975 | D:1      | 975 ||| UPGRADING to +0 pair of gloves.
   980 | D:1      | 980 ||| UPGRADING to ring of protection from fire.
   981 | D:1      | 981 ||| UPGRADING to ring of resist corrosion.
   982 | D:1      | 982 ||| READING scroll labelled KAESMU QOKKA.
   983 | D:1      | 983 ||| READING scroll labelled ZESYCOLADI.
  1084 | D:1      | 1084 ||| READING scroll labelled VUD JOBBUFAETH.
  1085 | D:1      | 1085 ||| DRINKING 3 bubbling sapphire potions.
  1086 | D:1      | 1086 ||| DROPPING scroll of butterflies.
  1087 | D:1      | 1087 ||| DROPPING 2 potions of brilliance.
  1104 | D:2      | 1104 ||| STAIRDANCE
  1112 | D:2      | 1112 ||| STAIRDANCE
  1127 | D:2      | 1127 ||| STAIRDANCE
  1142 | D:2      | 1142 ||| STAIRDANCE
  1158 | D:2      | Identified the +10 hand axe "Atyix" {pain, Str+2}
  1196 | D:2      | Reached skill level 1 in Armour
  1267 | D:2      | Found a bloodstained altar of Trog.
  1340 | D:2      | HP: 4/22 [ufetubus (2)]
  1341 | D:2      | Slain by an ufetubus

Levels and vault maps discovered:
D:1:      lightli_arrival_boilingwater, layout_loops_corners,
          hangedman_decor_growths, minmay_tripent
D:2:      layout_basic, basic_altar, minmay_pentomino_u4

Skill      XL: |  1  2  3 |
---------------+----------+-----
Ranged Weapons | 5 |  5.0
Armour         | 1 |  1.0
Fighting       | |  2.8
Dodging        | |  1.5
Stealth        | |  1.1

Action                     || total
---------------------------++-------
   Fire: Shortbow          ||   161
    Use: Scroll            ||     3
         Potion            ||     1
 Armour: Leather armour    ||    26
         Ring mail         ||    76
  Dodge: Dodged            ||    69

Table legend:
 A = Non-vault XP
 B = Vault XP
 C = Vault XP percentage of total XP
 D = Non-vault monster count
 E = Vault monster count
 F = Vault count percentage of total count
                 A         B        C        D         E       F
            +---------+---------+-------+---------+---------+-------
      Total |      66 |       9 |  12.0 |      36 |       5 |  12.2
            +---------+---------+-------+---------+---------+-------
        D:1 |      56 |       9 |  13.8 |      30 |       5 |  14.3
        D:2 |      10 |       0 |   0.0 |       6 |       0 |   0.0
            +---------+---------+-------+---------+---------+-------
